 Dungeon Crawl Stone Soup version 0.25.0-10-g039870ee82 (webtiles) character file.

Game seed: 8063828108630345295

160 shadizar the Sneak (level 5, -1/36 HPs)
             Began as an Octopode Assassin on June 22, 2020.
             Slain by Natasha (6 damage)
             ... on level 4 of the Dungeon.
             The game lasted 00:04:44 (2811 turns).

shadizar the Sneak (Octopode Assassin)              Turns: 2811, Time: 00:04:44

Health: -1/36      AC:  1    Str: 10    XL:     5   Next: 41%
Magic:  5/5        EV: 11    Int: 14    God:
Gold:   115        SH:  7    Dex: 14    Spells: 4/4 levels left

rFire    + . .     SeeInvis .   a - +2 dagger
rCold    . . .     Gourm    .   s - +0 kite shield
rNeg     . . .     Faith    .   (helmet restricted)
rPois    .         Spirit   .   (no amulet)
rElec    .         Reflect  .   o - ring of protection from fire
rCorr    .         Harm     .   (no ring)
MR       .....                  (no ring)
Stlth    ++++......             (no ring)
HPRegen  0.12/turn              (no ring)
MPRegen  0.09/turn              (no ring)
                                (no ring)
                                (no ring)

@: slowed, very slow
A: almost no armour, stealthy swim, amphibious, 8 rings, constrict 8, camouflage
1, gelatinous body 1
a: no special abilities


You were on level 4 of the Dungeon.
You were not hungry.

You visited 1 branch of the dungeon, and saw 4 of its levels.

You collected 115 gold pieces.

Inventory:

Hand Weapons
 a - a +2 dagger (weapon)
Missiles
 b - 8 poisoned darts (quivered)
 c - 2 curare-tipped darts
Armour
 s - a +0 kite shield (worn)
Jewellery
 n - an uncursed ring of fire
 o - a ring of protection from fire (left tentacle)
Scrolls
 e - 2 scrolls of identify {unknown}
 h - a scroll of blinking {unknown}
 i - 2 scrolls of remove curse {unknown}
 m - 2 scrolls of teleportation {unknown}
 t - a scroll of enchant weapon {unknown}
 u - a scroll of amnesia {unknown}
Potions
 f - a potion of magic {unknown}
 g - a potion of flight {unknown}
 j - a potion of degeneration {unknown}
 k - 2 potions of mutation {unknown}
 l - a potion of cancellation {unknown}
 p - a potion of curing
 q - a potion of stabbing {unknown}
Comestibles
 d - 5 rations
 r - 3 chunks of flesh


   Skills:
 + Level 3.1 Fighting
 + Level 3.1 Short Blades
 - Level 2.0 Throwing
 + Level 2.5 Dodging
 - Level 6.2 Stealth
 + Level 0.8 Shields


You had 4 spell levels left.
You didn't know any spells.
Your spell library was empty.

Dungeon Overview and Level Annotations

Branches:
Dungeon (4/15)
 Temple: D:4-7

Altars:
Okawaru
Qazlal
Wu Jian
The Shining One

Annotations:
D:4 Natasha


Innate Abilities, Weirdness & Mutations

You cannot wear most types of armour.
You are very stealthy in the water. (Stealth+)
You are amphibious.
You can wear up to eight rings at the same time.
You can use your tentacles to constrict eight enemies at once.
Your skin changes colour to match your surroundings (Stealth+).
Your rubbery body absorbs attacks. (AC +1, EV +1)


Message History

Natasha mumbles some strange words.
The shadow imp gestures at you. Pain shoots through your body!
The shadow imp gestures at you. Pain shoots through your body!
Natasha stares at you and mumbles some strange words.
You feel as though you will be slow longer.
You see here the felid skeleton of Natasha.
Natasha misses you. Natasha closely misses you.
You block the shadow imp's attack.
Natasha wildly gestures.
Natasha glows brightly for a moment.
The shadow imp misses you.
There is a stone staircase leading up here.
Natasha claws you!
* * * LOW HITPOINT WARNING * * *
The shadow imp hits you.
* * * LOW HITPOINT WARNING * * *
Natasha claws you.
You die...

### ... #..# #.# #$.#
...# #..##
....###...#
..........###########
...≈≈≈≈≈..÷.h@.......
.≈≈≈≈≈≈≈≈≈..5..$..###
≈≈≈≈≈≈≈≈≈≈..#####.#
≈≈≈≈≈≈≈≈≈≈≈.# #
≈≈≈≈_≈≈≈≈≈≈.#
≈≈≈≈≈≈≈≈≈≈≈..#
≈≈≈≈≈≈≈≈≈≈...#
≈≈≈≈≈≈≈≈≈..#.#
..≈≈≈≈≈...##...


You could see Natasha and a shadow imp (summoned).

Vanquished Creatures
  Natasha (D:4)
  4 adders
  A worm (D:2)
  3 dart slugs
  3 leopard geckos
  6 orcs (D:3)
  12 bats
  2 giant cockroaches
  7 hobgoblins
  11 jackals
  5 kobolds
  5 frilled lizards
  10 goblins
  5 rats
75 creatures vanquished.

Notes
Turn   | Place    | Note
-------+----------+-------------------------------------------
     0 | D:1      | shadizar the Octopode Assassin began the quest for the Orb.
     0 | D:1      | Reached XP level 1. HP: 14/14 MP: 1/1
    74 | D:1      | Reached XP level 2. HP: 19/19 MP: 2/2
   422 | D:1      | Reached XP level 3. HP: 25/25 MP: 3/3
   940 | D:2      | Noticed a sky beast
  1336 | D:2      | Reached skill level 6 in Stealth
  1336 | D:2      | Reached XP level 4. HP: 11/30 MP: 4/4
  1663 | D:2      | Found an ornate altar of the Wu Jian Council.
  2098 | D:3      | Found a glowing golden altar of the Shining One.
  2399 | D:3      | Found a stormy altar of Qazlal.
  2568 | D:3      | Reached XP level 5. HP: 36/36 MP: 5/5
  2791 | D:4      | Noticed Natasha
  2793 | D:4      | Found an iron altar of Okawaru.
  2794 | D:4      | Killed Natasha
  2801 | D:4      | Noticed Natasha
  2811 | D:4      | Slain by Natasha

Illustrated notes

Levels and vault maps discovered:
D:1:      psy_arrival_statuary, layout_rooms
D:2:      layout_loops_cross, overflow_temple_1_default, first_ration
D:3:      layout_loops_ring, lemuel_coloured_pillars_altar,
          nicolae_tso_carved_into_rock, kennysheep_donut
D:4:      layout_loops_ring, gammafunk_ghost_nasty_kobolds,
          lemuel_altar_in_water, uniq_pikel, uniq_natasha

Skill      XL: |  1  2  3  4 |
---------------+-------------+-----
Dodging        | 2 |  2.5
Stealth        | 6 |  6.2
Fighting       | 3 |  3.1
Short Blades   | 3 |  3.1
Throwing       | |  2.0
Shields        | |  0.8

Action                   |  1- 3 |  4- 6 || total
-------------------------+-------+-------++-------
Melee: Dagger            |    67 |    68 ||   135
       Constrict         |    15 |    17 ||    32
       Tentacles         |    12 |    11 ||    23
  Use: Potion            |       |     2 ||     2
 Stab: Sleeping          |    13 |    13 ||    26
  Eat: Chunk             |     1 |     5 ||     6
Armor: Skin              |     3 |     2 ||     5
Dodge: Dodged            |    34 |    38 ||    72
Block: Kite shield       |       |     7 ||     7
